 Dungeon Crawl Stone Soup version 0.17-a0-744-gaa96792 (webtiles) character file.

4 kroki the Gusty (level 1, 0/16 HPs)
             Began as a Troll Air Elementalist on Apr 21, 2015.
             Succumbed to a kobold's poison
             ... on level 1 of the Dungeon.
             The game lasted 00:00:41 (356 turns).

kroki the Gusty (Troll Air Elementalist)             Turns: 356, Time: 00:00:41

Health: 0/16       AC:  5    Str: 15    XL:     1   Next: 58%
Magic:  1/1        EV:  9    Int: 11    God:
Gold:   18         SH:  0    Dex: 10    Spells: 0 memorised, 2 levels left

rFire  . . .     SeeInvis .       - Unarmed
rCold  . . .     Clarity  .     a - +0 robe
rNeg   . . .     SustAb   .     (no shield)
rPois  .         Gourm    +     (helmet restricted)
rElec  .         Spirit   .     (no cloak)
rCorr  .         Warding  .     (gloves unavailable)
rMut   .         Stasis   .     (boots unavailable)
MR     .....                    (no amulet)
Stlth  +.........               (no ring)
                                (no ring)

@: lethally poisoned (0 -> -6), not resistant to hostile enchantments, very
unstealthy
A: unfitting armour, claws 3, fast metabolism 3, gourmand, regeneration 2,
shaggy fur 1, tough skin 2
a: no special abilities


You were on level 1 of the Dungeon.
You were full.

You visited 1 branch of the dungeon, and saw 1 of its levels.

You collected 18 gold pieces.

Inventory:

Armour
 a - a +0 robe (worn)
Scrolls
 g - 2 scrolls of identify {unknown}
Books
 b - a book of Air

   Spells                             Type                      Level
   a - Shock                          Conjuration/Air              1
   b - Swiftness                      Charms/Air                   2
   c - Repel Missiles                 Charms/Air                   2
   d - Flight                         Charms/Air                   3
   e - Static Discharge               Conjuration/Air              3
   f - Lightning Bolt                 Conjuration/Air              5
Comestibles
 c - 2 bread rations
 f - 2 meat rations


   Skills:
 - Level 1.5 Dodging
 - Level 1.1 Stealth
 + Level 1.1 Unarmed Combat
 - Level 1.2 Spellcasting
   Level 0.6 Conjurations
   Level 2.0 Air Magic


You had 2 spell levels left.
You didn't know any spells.

Dungeon Overview and Level Annotations

Branches:
Dungeon (1/15)

Altars:


Innate Abilities, Weirdness & Mutations

You are too large for most types of armour.
You have claws for hands.
Your metabolism is lightning-fast.
You like to eat raw meat.
You heal very quickly.
You are covered in fur (AC +1).
You have very tough skin (AC +2).


Message History

Eating one of 3 chunks of flesh.
This raw flesh tastes great.
You continue eating. x2
Eating one of 2 chunks of flesh.
This raw flesh tastes great.
You continue eating. x2
Eating a chunk of flesh.
This raw flesh tastes great.
You continue eating. x2
g - a scroll labeled JOUDWI RESE UTABB You open the door.
Found a robe.
There is an open door here.
f - 2 meat rations (gained 1)
There is an open door here.
Found a stone staircase leading down.
Read which item? (? for menu, Esc to quit)
As you read the scroll labeled NYCUIT ZYROH, it crumbles to dust.
Forget which spell ([?*] list [ESC] exit)?
Your memory of Shock unravels.
It was a scroll of amnesia.
Read which item? (? for menu, Esc to quit)
As you read the scroll labeled JORRIUMYTI, it crumbles to dust.
You hear a loud clanging noise!
It was a scroll of noise.
Found 29 arrows.
A kobold comes into view. It is wielding a whip of venom.
The kobold shouts!
The kobold throws a stone.
The stone closely misses you.
Things that are here:
a stone; a scroll labeled JOUDWI RESE UTABB
g - 2 scrolls labeled JOUDWI RESE UTABB (gained 1)
The kobold throws a stone.
The stone closely misses you.
The kobold throws a stone.
The stone barely misses you.
The kobold throws a stone.
The stone hits you but does no damage.
You see here a stone.
You closely miss the kobold.
The kobold hits you with a whip of venom.
You are poisoned.
You barely miss the kobold.
You feel sick. The kobold hits you but does no damage.
You are more poisoned.
You barely miss the kobold.
You feel sick.
The kobold hits you with a whip of venom.
You are lethally poisoned!
You claw the kobold!
You kill the kobold!
You feel sick.
A giant newt comes into view.
You feel sick.
Found a whip.
Things that are here:
a whip of venom; 27 gold pieces; a kobold corpse You feel sick.
* * * LOW HITPOINT WARNING * * *
You feel sick.
* * * LOW HITPOINT WARNING * * *
You feel sick.
* * * LOW HITPOINT WARNING * * *
You feel sick.
The giant newt bites you but does no damage.
You barely miss the giant newt.
* * * LOW HITPOINT WARNING * * *
You feel sick. The giant newt completely misses you.
You scratch the giant newt.
The giant newt begins to bleed from its wounds!
The giant newt is moderately wounded.
You die...

### . ####..
... #.....
..##
##...)##...
#........#
#........#
#....l...#
#....@...#
#.#....###
##.#.# #...#
. #.####)# #
#......#
#####.#
######.# ..$.
#(# ####.####
#.###.......#


You could see a giant newt (bleeding).

Vanquished Creatures
  A bat (D:1)
  A hobgoblin (D:1)
  A goblin (D:1)
  A kobold (D:1)
  A rat (D:1)
5 creatures vanquished.

Notes
Turn   | Place    | Note
--------------------------------------------------------------
     0 | D:1      | kroki, the Troll Air Elementalist, began the quest for the Orb.
     0 | D:1      | Reached XP level 1. HP: 16/16 MP: 1/1
   170 | D:1      | Reached skill level 1 in Unarmed Combat
   356 | D:1      | Succumbed to a kobold's poison

Action                   || total
-------------------------++-------
Melee: Unarmed           ||    19
  Use: Scroll            ||     2
  Eat: Chunk             ||     5
